 Dungeon Crawl Stone Soup version 0.21.0-3-g78d12a8 (webtiles) character file.

26 mopl the Insei (level 3, 0/26 HPs)
             Began as a Barachi Transmuter on Jan 11, 2018.
             Slain by a hobgoblin
             ... wielding a +0 club
              (7 damage)
             ... on level 1 of the Dungeon.
             The game lasted 00:01:09 (442 turns).

mopl the Insei (Barachi Transmuter)                  Turns: 442, Time: 00:01:10

Health: 0/26       AC:  2    Str: 11    XL:     3   Next: 8%
Magic:  4/6        EV: 12    Int: 14    God:
Gold:   30         SH:  0    Dex: 12    Spells: 3/6 levels left

rFire    . . .     SeeInvis .     - Unarmed
rCold    . . .     Gourm    .   (no shield)
rNeg     . . .     Faith    .   b - +0 robe
rPois    .         Spirit   .   (no helmet)
rElec    .         Reflect  .   (no cloak)
rCorr    .         Harm     .   (no gloves)
MR       .....                  (no boots)
Stlth    +.........             (no amulet)
HPRegen  0.08/turn              (no ring)
MPRegen  0.10/turn              (no ring)

@: appendage (expiring), slow
A: +LOS, swims, horns 2, slowness 1, strong legs 1
a: Hop, End Transformation


You were on level 1 of the Dungeon.
You were not hungry.
You had grown temporary horns.
You visited 1 branch of the dungeon, and saw 1 of its levels.

You collected 30 gold pieces.

Inventory:

Missiles
 a - 36 arrows
Armour
 b - a +0 robe (worn)
Scrolls
 g - a scroll of identify {unknown}
Potions
 e - a potion of lignification {unknown}
 h - 2 potions of flight {unknown}
 i - a potion of curing {unknown}
Books
 c - a book of Changes

   Spells                             Type                      Level
   a - Beastly Appendage              Transmutation                1
   b - Sticks to Snakes               Transmutation                2
   c - Spider Form                    Transmutation/Poison         3
   d - Ice Form                       Ice/Transmutation            4
   e - Blade Hands                    Transmutation                5
Comestibles
 d - 2 rations


   Skills:
 - Level 1.2 Fighting
 - Level 2.1 Dodging
 * Level 4.2 Unarmed Combat
 - Level 2.1 Spellcasting
 + Level 2.8 Transmutations


You had 3 spell levels left.
You knew the following spells:

 Your Spells              Type           Power        Failure   Level  Hunger
a - Beastly Appendage     Tmut           #.....       8%          1    #......
w - Sticks to Snakes      Tmut           #.......     11%         2    ###....


Dungeon Overview and Level Annotations

Branches:
Dungeon (1/15)

Altars:


Innate Abilities, Weirdness & Mutations

Shadows flee at your approach. (+LOS)
You can swim through water.
You cover ground slowly.
You can hop short distances.
You have a pair of horns on your head.


Message History

The hobgoblin barely misses you.
A jackal comes into view.
The jackal barks!
You hit the hobgoblin.
The hobgoblin is lightly wounded.
The hobgoblin hits you but does no damage.
Your ball python bites the hobgoblin but does no damage.
Your ball python closely misses the hobgoblin.
You closely miss the hobgoblin. Your headbutt misses the hobgoblin.
The hobgoblin is lightly wounded.
The hobgoblin closely misses you.
Your ball python bites the hobgoblin but does no damage.
Your ball python misses the hobgoblin.
You hit the hobgoblin.
The hobgoblin is almost dead.
Your ball python barely misses the hobgoblin.
Your ball python grabs the hobgoblin.
Your ball python constricts the hobgoblin.
The hobgoblin hits you with a club!
You die...

.........#.########......># #
.........#..........###########
........
........รท..#..).......
........ #..........#.#......##
........ #....#..h..#..........
........ #....#.....###......##
......%. +...##.#......(.......
........##...##.#.#####......#.
........)'..Sg@.#.#####......#.
......?.##...####.#..........#.
........ #..)# #.#..........#.
.......# #...# #.#..........#.
....... #...# #.#####......##
....... #...# #.# #......#
...... #...# #.# #......#
...... #...# #.# ########
...... ##### #.#


You could see a jackal, a hobgoblin and a friendly ball python.

Vanquished Creatures
  An ooze (D:1)
  A dart slug (D:1)
  A leopard gecko (D:1)
  2 bats (D:1)
  A goblin (D:1)
  3 hobgoblins (D:1)
  4 jackals (D:1)
  A frilled lizard (D:1)
  4 rats (D:1)
18 creatures vanquished.

Notes
Turn   | Place    | Note
-------+----------+-------------------------------------------
     0 | D:1      | mopl the Barachi Transmuter began the quest for the Orb.
     0 | D:1      | Reached XP level 1. HP: 15/15 MP: 3/3
   194 | D:1      | Reached XP level 2. HP: 21/21 MP: 3/5
   198 | D:1      | Learned a level 2 spell: Sticks to Snakes
   391 | D:1      | Reached skill level 4 in Unarmed Combat
   417 | D:1      | Reached XP level 3. HP: 18/26 MP: 4/6
   442 | D:1      | Slain by a hobgoblin

Skill      XL: |  1  2 |
---------------+-------+-----
Unarmed Combat | 4 |  4.2
Fighting       | |  1.2
Dodging        | |  2.1
Spellcasting   | |  2.1
Transmutations | |  2.8

Action                   || total
-------------------------++-------
Melee: Unarmed           ||    75
       Headbutt          ||     5
       Kick              ||     2
       Punch             ||     1
 Cast: Beastly Appendage ||    13
       Sticks to Snakes  ||     1
Armor: Robe              ||     9
Dodge: Dodged            ||    53
